 Dungeon Crawl Stone Soup version 0.31-a0-986-g5e6e4ef867 (webtiles) character file.

Game seed: 12872985134957330405

2367 cooneyb1 the Covert (level 9, -6/41 HPs)
             Began as a Vine Stalker Enchanter on Nov 22, 2023.
             Was a Follower of Dithmenos.
             Mangled by a death yak (19 damage)
             ... on level 7 of the Dungeon.
             The game lasted 00:23:54 (6227 turns).

cooneyb1 the Covert (Vine Stalker Enchanter)        Turns: 6227, Time: 00:23:55

Health: -6/41      AC:  7    Str: 10    XL:     9   Next: 44%
Magic:  0/15       EV: 19    Int: 17    God:    Dithmenos [*.....]
Gold:   362        SH:  0    Dex: 18    Spells: 10/15 levels left

rFire   . . .        s - +2 dagger (venom)
rCold   . . .        (no shield)
rNeg    . . .        r - +0 steam dragon scales
rPois   .            e - +1 helmet
rElec   .            (no cloak)
rCorr   .            (no gloves)
SInv    .            (no boots)
Will    +....        (no amulet)
Stlth   +++++        d - +5 ring of evasion
HPRegen 1.06/turn    (no ring)
MPRegen 0.14/turn

%: guardian spirit
@: confusing by touch, wreathed by umbra
A: fangs 3, regeneration 1, magic shield, antimagic bite, no potion heal 2
a: Renounce Religion


You were on level 7 of the Dungeon.
You worshipped Dithmenos.
Dithmenos was aware of your devotion.
You visited 2 branches of the dungeon, and saw 9 of its levels.

You collected 362 gold pieces.

Inventory:

Hand Weapons
 s - a +2 dagger of venom (weapon)
Missiles
 b - a curare-tipped dart (quivered)
Armour
 e - a +1 helmet (worn)
 r - +0 steam dragon scales (worn)
Jewellery
 d - a +5 ring of evasion (left hand)
 t - the ring "Porr" {rN+ Will++ rCorr Int-4 SInv}
   (You took it off an orc on level 7 of the Dungeon)

   [ring of resist corrosion]

   Int-4:     It affects your intelligence (-4).
   rN+:       It protects you from negative energy.
   Will++:    It greatly increases your willpower.
   SInv:      It lets you see invisible.
   rCorr:     It protects you from acid and corrosion.
Wands
 a - a wand of digging (4)
 i - a wand of quicksilver (3)
 o - a wand of mindburst (10)
 q - a wand of iceblast (23)
 u - a wand of polymorph (12)
Scrolls
 h - 5 scrolls of teleportation
 p - 2 scrolls of enchant armour
Potions
 c - a potion of invisibility
 f - a potion of might
 g - a potion of cancellation
 j - a potion of haste
 k - a potion of brilliance
 l - a potion of resistance {unknown}
 m - 2 potions of mutation {unknown}
 n - 2 potions of curing {unknown}


   Skills:
 + Level 1.1 Fighting
 + Level 5.5 Short Blades
 + Level 4.3 Dodging
 + Level 8.5 Stealth
 + Level 3.7 Spellcasting
 * Level 6.3 Hexes
 - Level 3.1 Ice Magic
 - Level 0.1 Evocations


You had 10 spell levels left.
You knew the following spells:

 Your Spells              Type           Power      Damage    Failure   Level
a - Ensorcelled Hibernat  Hex/Ice        38%        N/A       3%          2
b - Confusing Touch       Hex            24%        N/A       3%          3

Your spell library contained the following spells:

 Spells                   Type           Power      Damage    Failure   Level
 Tukima's Dance           Hex            24%        N/A       3%          3
 Dazzling Flash           Conj/Hex       28%        N/A       13%         3
 Inner Flame              Hex/Fire       14%        N/A       13%         3
 Summon Guardian Golem    Hex/Summ       14%        N/A       13%         3
 Necrotise                Necr           12%        1d4       16%         1
 Summon Small Mammal      Summ           12%        N/A       16%         1
 Sublimation of Blood     Necr           3%         N/A       24%         2
 Wereblood                Tmut           3%         N/A       24%         2
 Call Canine Familiar     Summ           3%         N/A       43%         3
 Vampiric Draining        Necr           3%         2d6       43%         3
 Yara's Violent Unravell  Hex/Tmut       7%         3d5       77%         5
 Passage of Golubria      Tloc           3%         N/A       85%         4
 Agony                    Necr           3%         N/A       99%         5
 Enfeeble                 Hex            12%        N/A       100%        7
 Summon Hydra             Summ           1%         N/A       100%        7


Dungeon Overview and Level Annotations

Branches:
Dungeon (8/15)             Temple (1/1) D:5
   Lair: D:8-11

Altars:
Ashenzari
Cheibriados
Dithmenos
Elyvilon
Fedhas
Gozag
Hepliaklqana
Kikubaaqudgha
Makhleb
Nemelex Xobeh
Okawaru
Qazlal
Ru
Sif Muna
Trog
Vehumet
Wu Jian
Xom
Yredelemnul
Zin
The Shining One


Innate Abilities, Weirdness & Mutations

You have razor-sharp teeth.
Your natural rate of healing is unusually fast.
When hurt, damage is shared between your health and your magic reserves.
Your bite disrupts and absorbs the magic of your enemies.
Potions cannot restore your health.


Message History

Things that are here:
a +0 battleaxe; a +0 robe
Things that are here:
a +0 battleaxe; a +0 robe
There is a stone staircase leading down here.
There is a stone staircase leading down here.
You climb downwards.
There is a stone staircase leading up here.
The death yak bellows!
You hear a bellow!
You hear a shout!
A killer bee comes into view. x2; A death yak comes into view.
An orc priest comes into view. It is wielding a +0 dagger.
An orc wizard comes into view. It is wielding a +0 dagger.
The death yak gores you but does no damage.
You climb upwards.
There is a stone staircase leading down here.
Casting: Ensorcelled Hibernation (safe; 3% risk of failure)
Confirm with . or Enter, or press ? or * to list all spells.
Aiming: Ensorcelled Hibernation (safe; 3% risk of failure)
Press: ? - help, Shift-Dir - straight line, f - death yak
Aim: a death yak (umbra, chance to affect: 2%)
The death yak resists with almost no effort.
The death yak gores you!
Casting: Ensorcelled Hibernation (safe; 3% risk of failure)
Confirm with . or Enter, or press ? or * to list all spells.
Your hands begin to glow red.
The death yak gores you.
You hit the death yak but do no damage. Your bite misses the death yak.
The death yak gores you!
You hit the death yak but do no damage. The death yak closely misses you.
You hit the death yak but do no damage. You bite the death yak!
You drain its power.
You feel invigorated.
The death yak is lightly wounded.
The death yak gores you!!
* * * LOW HITPOINT WARNING * * *
You hit the death yak but do no damage.
You bite the death yak, but do no damage.
The death yak is lightly wounded.
You hit the death yak but do no damage.
The death yak is lightly wounded.
The death yak gores you!!
You die...

###..# ##........#.# .###.#
####.....#.####### )# #.##
###............ )# #..#
#...###.####. )# ##.####
####..........#. .##
#....#########....##.########
..######....#........###.## #
)............[>####### #..# #
.######...#.....@Y# ####.#
.###.........####.####....#
.##.....####.........#.##########
......### #######...............
.###### #######...###########
..## #....>..#### #####
#..##########........).# ###....
#.................####.####...###
...##########....)######....###


You could see a death yak.

Vanquished Creatures
  Maggie (D:6)
  Grinder (D:3)
  An orc warrior (D:7)
  3 black bears
  An ogre (D:4)
  A kobold brigand (D:6)
  4 bullfrogs
  2 scorpions
  A wight (D:7)
  2 jellies
  4 howler monkeys
  5 hounds
  2 orc priests
  3 iguanas
  3 orc wizards
  Robin (D:2)
  10 gnolls
  10 adders
  2 shadow imps
  3 white imps
  4 ufetubi
  A worm (D:3)
  20 orcs
  6 endoplasms
  A giant cockroach (D:2)
  13 goblins
  12 hobgoblins
  3 jackals (D:4)
  3 quokkas
  2 ball pythons (D:1)
  8 bats
  4 frilled lizards
  A goblin skeleton (D:7)
  5 hobgoblin zombies (D:7)
  11 kobolds
  An orc skeleton (D:7)
  An orc zombie (D:7)
  4 rats
160 creatures vanquished.

Vanquished Creatures (others)
  An orc wizard (D:5)
1 creature vanquished.

Grand Total: 161 creatures vanquished

Notes
Turn   | Place    | Note
-------+----------+-------------------------------------------
     0 | D:1      | cooneyb1 the Vine Stalker Enchanter began the quest for the
                  | Orb.
     0 | D:1      | Reached XP level 1. HP: 9/9 MP: 4/4
   293 | D:1      | Reached XP level 2. HP: 13/13 MP: 6/6
   498 | D:1      | Reached skill level 4 in Stealth
   501 | D:1      | Reached skill level 1 in Short Blades
   911 | D:1      | Learned a level 2 spell: Ensorcelled Hibernation
   961 | D:2      | Reached XP level 3. HP: 4/17 MP: 3/7
  1343 | D:2      | Reached XP level 4. HP: 21/21 MP: 8/8
  1568 | D:2      | Found a faded altar of an unknown god.
  1637 | D:3      | Noticed Robin
  1678 | D:2      | Killed Robin
  1864 | D:3      | Reached XP level 5. HP: 25/25 MP: 9/9
  1987 | D:3      | You fall into a shaft and drop 3 floors!
  1996 | D:6      | Noticed a black bear
  2004 | D:6      | Killed a black bear
  2005 | D:6      | Reached skill level 5 in Stealth
  2005 | D:6      | Reached skill level 1 in Ice Magic
  2021 | D:6      | Reached XP level 6. HP: 28/29 MP: 7/10
  2134 | D:5      | Entered Level 5 of the Dungeon
  2323 | D:5      | Reached XP level 7. HP: 32/32 MP: 9/11
  2710 | D:3      | Found an ornate altar of the Wu Jian Council.
  2723 | D:3      | Found a blossoming altar of Fedhas.
  3035 | D:3      | Noticed Grinder
  3059 | D:3      | Killed Grinder
  3060 | D:3      | Reached skill level 6 in Stealth
  3124 | D:3      | Identified the +0 ring mail of Whack-A-Mole {Regen+ Str+6}
  3392 | D:4      | Found a bloodstained altar of Trog.
  3707 | D:4      | Gained mutation: You have razor-sharp teeth. [Vine Stalker
                  | growth]
  3707 | D:4      | Reached XP level 8. HP: 28/37 MP: 8/13
  4341 | D:4      | Learned a level 3 spell: Confusing Touch
  4393 | D:6      | Reached skill level 5 in Hexes
  4511 | D:5      | Found a staircase to the Ecumenical Temple.
  4541 | Temple   | Entered the Ecumenical Temple
  4584 | Temple   | Became a worshipper of Dithmenos the Shadowed
  4788 | D:6      | Found a white marble altar of Elyvilon.
  4842 | D:6      | Reached skill level 5 in Short Blades
  4842 | D:6      | Reached skill level 7 in Stealth
  5103 | D:6      | Noticed Maggie
  5118 | D:6      | Killed Maggie
  5230 | D:6      | Reached XP level 9. HP: 40/40 MP: 9/14
  5392 | D:7      | Reached skill level 1 in Fighting
  5392 | D:7      | Reached skill level 8 in Stealth
  5463 | D:7      | Identified the ring "Porr" {rN+ Will++ rCorr Int-4 SInv}
  5482 | D:7      | Reached * piety under Dithmenos
  5621 | D:7      | Found a glowing golden altar of the Shining One.
  6211 | D:8      | Noticed a death yak
  6211 | D:8      | Noticed a death yak
  6213 | D:8      | Noticed a death yak
  6227 | D:7      | Mangled by a death yak

Illustrated notes

Levels and vault maps discovered:
D:1:      roderic_chinese_lattice_arrival, layout_loops_corners, minmay_cupped
D:2:      layout_rooms, shapermc_ecumenical_altar_mp_vishouse
D:3:      layout_basic, mainiacjoe_overflow_large_starburst, uniq_grinder,
          uniq_robin
D:4:      layout_basic, kennysheep_little_box
D:5:      layout_rooms, minmay_temple_entry_ruins
D:6:      layout_gridville, mainiacjoe_overflow_chevrons, uniq_maggie
D:7:      layout_rooms, nicolae_tso_besieged_by_evil, grunt_ministairs_8
D:8:      layout_cave_pods, dpeg_lair_monsters
Temple:   kb_temple_of_zot

Skill      XL: |  1  2  3  4  5  6  7  8  9 |
---------------+----------------------------+-----
Stealth        | 4 5 6 7 8 |  8.5
Short Blades   | 1 2 3 4 5 |  5.5
Dodging        | 2 3 4 |  4.3
Ice Magic      | 1 2 3 |  3.1
Hexes          | 4 5 6 |  6.3
Spellcasting   | 3 |  3.7
Fighting       | 1 |  1.1
Evocations     | |  0.1

Action                     |  1- 3 |  4- 6 |  7- 9 || total
---------------------------+-------+-------+-------++-------
  Melee: Dagger            |    94 |   185 |   286 ||   565
         Bite              |    28 |    50 |   102 ||   180
         Punch             |     3 |     1 |     5 ||     9
   Cast: Ensorcelled Hiber |       |     4 |    34 ||    38
         Confusing Touch   |       |       |     1 ||     1
  Evoke: Wand              |       |       |     5 ||     5
    Use: Scroll            |     3 |     7 |     7 ||    17
         Potion            |       |     1 |     1 ||     2
   Stab: Sleeping          |     7 |     4 |    26 ||    37
         Invisible         |       |     1 |       ||     1
         Distracted        |       |       |     2 ||     2
 Armour: Robe              |    33 |    69 |    67 ||   169
         Steam dragon scal |       |       |    37 ||    37
  Dodge: Dodged            |    86 |   165 |   262 ||   513

Table legend: (Time is in decaauts)
 A = Elapsed time spent in this place.
 B = Non-inter-level travel time spent in this place.
 C = Inter-level travel time spent in this place.
 D = Time resting spent in this place.
 E = Time spent auto-exploring this place.
 F = Levels seen in this place.
 G = Mean time per level.
                   A        B        C        D        E       F      G
               +--------+--------+--------+--------+--------+-----+--------+
         Total |   6158 |   5921 |    237 |    122 |   3886 |   9 |  684.2 |
       Dungeon |   6085 |   5878 |    207 |    122 |   3886 |   8 |  760.6 |
        Temple |     72 |     43 |     29 |      0 |      0 |   1 |   72.0 |
               +--------+--------+--------+--------+--------+-----+--------+

Top non-repeatable levels by time:
     D:3: 1055 daAuts
     D:4: 1008 daAuts
     D:7: 964 daAuts
     D:1: 928 daAuts
     D:2: 749 daAuts
     D:6: 703 daAuts
     D:5: 664 daAuts
  Temple: 72 daAuts
     D:8: 10 daAuts
